 Dungeon Crawl Stone Soup version 0.17-a0-1719-g1afd5a1 (webtiles) character file.

9641 KambridgeKobold the Archer (level 11, -2/64 HPs)
             Began as a High Elf Hunter on Aug 28, 2015.
             Was an Initiate of Sif Muna.
             Slain by a water moccasin (3 damage)
             ... on level 1 of the Lair of Beasts.
             The game lasted 01:18:27 (14675 turns).

KambridgeKobold the Archer (High Elf Hunter)       Turns: 14675, Time: 01:18:27

Health: -2/64      AC: 13    Str: 11    XL:     11   Next: 25%
Magic:  19/19      EV:  2    Int: 16    God:    Sif Muna [......]
Gold:   704        SH:  0    Dex: 22    Spells: 0 memorised, 20 levels left

rFire  . . .     SeeInvis .     b - +0 dagger (freeze)
rCold  . . .     Clarity  +     A - +2 leather armour {rPois}
rNeg   + + +     SustAt   .     (no shield)
rPois  ∞         Gourm    .     (no helmet)
rElec  .         Spirit   .     (no cloak)
rCorr  .         Warding  .     M - +0 pair of gloves
rMut   .         Stasis   .     (no boots)
MR     +....                    (no amulet)
Stlth  ++++......               L - +5 ring of protection
                                j - +3 ring of dexterity

@: lethally poisoned (-2 -> -2), petrified, somewhat resistant to hostile
enchantments, stealthy
A: talons 1, yellow scales 1, clarity, slow healing 1
a: Renounce Religion


You were on level 1 of the Lair of Beasts.
You worshipped Sif Muna.
Sif Muna was noncommittal.
You were not hungry.

You visited 3 branches of the dungeon, and saw 13 of its levels.
You also visited: Sewer.

You collected 704 gold pieces.

Inventory:

Hand weapons
 a - a +1 shortbow of freezing
 b - a +0 dagger of freezing (weapon)
 D - a +0 falchion of holy wrath
 I - a +1 shortbow
 N - a +0 great sword
 O - a +0 long sword
Missiles
 c - 34 arrows
 B - 8 poisoned arrows
 C - 19 arrows of flame
 U - 10 poisoned tomahawks (quivered)
Armour
 x - a +0 leather armour of cold resistance
 A - a +2 leather armour of poison resistance (worn)
 M - a +0 pair of gloves (worn)
Jewellery
 j - a +3 ring of dexterity (left hand)
 y - an uncursed ring of protection from fire
 L - a +5 ring of protection (right hand)
 X - an uncursed ring of sustain attributes
Magical devices
 p - a wand of digging (11)
 u - a wand of fire (5)
 K - a wand of random effects (11)
 Z - a wand of slowing (24)
Scrolls
 f - 2 scrolls of fog
 k - 2 scrolls of enchant weapon {unknown}
 m - 2 scrolls of blinking {unknown}
 o - 6 scrolls of remove curse
 r - 2 scrolls of enchant armour
 w - a scroll of noise {unknown}
 J - a scroll of acquirement {unknown}
 P - 3 scrolls of fear {unknown}
 T - 3 scrolls of magic mapping
 Y - 3 scrolls of amnesia
Potions
 d - a potion of might {unknown}
 h - 2 potions of cancellation {unknown}
 i - 2 potions of agility {unknown}
 n - 7 potions of flight
 s - 4 potions of curing
 v - a potion of cure mutation {unknown}
 z - 2 potions of berserk rage
 G - a potion of mutation {unknown}
 Q - a potion of ambrosia {unknown}
 S - a potion of poison {unknown}
 V - a potion of degeneration {unknown}
 W - a potion of haste {unknown}
Comestibles
 e - 4 bread rations
 l - 7 meat rations
 t - 11 beef jerkies
 E - 13 royal jellies
 R - a slice of pizza


   Skills:
 - Level 2.0 Fighting
 - Level 10.4(10.8) Short Blades
 + Level 4.3(8.0) Long Blades
 - Level 12.3 Bows
 - Level 4.0 Armour
 + Level 9.4 Dodging
 * Level 6.6 Stealth
 - Level 5.0 Spellcasting
 - Level 1.1 Evocations


You had 20 spell levels left.
You didn't know any spells.

Dungeon Overview and Level Annotations

Branches:
Dungeon (10/15)            Temple (1/1) D:4            Lair (2/8) D:8
    Orc: D:9-12

Altars:
Ashenzari
Cheibriados
Dithmenos
Elyvilon
Fedhas
Gozag
Kikubaaqudgha
Makhleb
Nemelex Xobeh
Okawaru
Qazlal
Ru
Sif Muna
Trog
Vehumet
Xom
Yredelemnul
Zin
The Shining One

Annotations:
D:8 George's ghost, experienced MiGl


Innate Abilities, Weirdness & Mutations

You have sharp toenails.
You are partially covered in yellow scales (AC +2).
You possess an exceptional clarity of mind.
You heal slowly when monsters are visible.


Message History

The crocodile is severely wounded.
The basilisk closely misses you.
The water moccasin bites you but does no damage.
Your limbs are stiffening.
Drink which item? (? for menu, Esc to quit)
You feel better. The water moccasin bites you.
* * * LOW HITPOINT WARNING * * *
You are lethally poisoned!
The water moccasin poisons you!
The basilisk bites you but does no damage.
The water moccasin barely misses you. The crocodile barely misses you.
The basilisk bites you!
* * * LOW HITPOINT WARNING * * *
You have turned to stone.
The water moccasin barely misses you. The basilisk gazes at you.
You easily resist.
The crocodile bites you.
The water moccasin bites you but does no damage.
The water moccasin bites you!
You die...

#...............................
##.....#####...#####...####...##
#......# #.#.###......# #...#
#......# #............###...#
##....>## #.#.##........##...#
##......# ###.###(...........#
#..###.### #.§.>(...........#
##........# #§§l§.....####...##
..........# ##S@##....P# #....##
..........####.§t#.##..#####...#.
..........#.###.§####............
#.........t....................#.
##.......##P#....................
##.....#######.......####.......
#P....### #..##...######...#.
##..###.# #....#......P#.....
#.......### #..P#..............


You could see a basilisk, a water moccasin and a crocodile.

Vanquished Creatures
  A black mamba (Lair:1)
  6 spiny frogs (Lair:1)
  A troll (D:9)
  Sigmund (D:4)
  5 yaks
  A wyvern (D:9)
  A hippogriff (D:9)
  Eustachio (D:4)
  A deep elf fighter (D:8)
  12 wolves
  A porcupine (Lair:1)
  2 sky beasts
  Duvessa (D:4)
  4 water moccasins (Lair:1)
  2 ice beasts
  4 ogres
  3 centaurs
  A phantom (D:8)
  A big kobold (D:9)
  7 crocodiles
  8 giant frogs
  Dowan (D:4)
  A scorpion (D:8)
  A wyvern skeleton (D:8)
  4 killer bees (D:9)
  3 crimson imps
  A centaur zombie (D:6)
  5 hounds
  A giant frog skeleton (D:5)
  Ijyb (D:3)
  5 jellies
  Jessica (D:2)
  7 worker ants
  Natasha (D:2)
  4 iguanas
  An orc wizard (D:7)
  A siren (Sewer)
  A merfolk avatar (Sewer)
  A killer bee zombie (D:10)
  A hound zombie (D:5)
  12 adders
  29 river rats
  A shadow imp (D:6)
  9 oozes
  An adder zombie (D:6)
  2 worms
  6 giant geckos
  15 orcs
  3 goblins
  4 hobgoblins
  3 jackals (D:6)
  9 kobolds
  3 quokkas
  8 ball pythons
  15 bats
  6 giant cockroaches
  10 giant newts
  A jackal skeleton (D:6)
  42 rats
  A plant (Lair:1)
285 creatures vanquished.

Vanquished Creatures (others)
  A human (D:5)
  9 fungi
10 creatures vanquished.

Grand Total: 295 creatures vanquished

Notes
Turn   | Place    | Note
--------------------------------------------------------------
     0 | D:1      | KambridgeKobold the High Elf Hunter began the quest for the Orb.
     0 | D:1      | Reached XP level 1. HP: 14/14 MP: 2/2
   441 | D:1      | Reached skill level 1 in Short Blades
   647 | D:1      | Reached XP level 2. HP: 19/19 MP: 3/3
   937 | D:2      | Noticed Natasha
   948 | D:2      | Killed Natasha
   948 | D:2      | Reached XP level 3. HP: 15/24 MP: 4/4
  1383 | D:2      | Noticed Jessica
  1387 | D:2      | Killed Jessica
  1387 | D:2      | Reached XP level 4. HP: 29/29 MP: 5/5
  1633 | D:2      | Reached skill level 1 in Evocations
  1962 | D:3      | Found a glowing golden altar of the Shining One.
  1962 | D:3      | Found a blossoming altar of Fedhas.
  2108 | D:3      | Found a glowing drain.
  2113 | Sewer    | Entered a sewer
  2492 | Sewer    | Reached XP level 5. HP: 34/34 MP: 6/6
  2835 | Sewer    | Noticed a drowned soul
  2840 | Sewer    | Noticed a drowned soul
  2840 | Sewer    | Noticed a drowned soul
  2840 | Sewer    | Noticed a drowned soul
  2840 | Sewer    | Noticed a drowned soul
  2844 | Sewer    | Noticed a drowned soul
  3178 | D:3      | Reached skill level 5 in Dodging
  3512 | D:3      | Noticed Ijyb
  3569 | D:3      | Killed Ijyb
  3569 | D:3      | Reached XP level 6. HP: 33/39 MP: 7/7
  3759 | D:4      | Noticed Duvessa
  3799 | D:4      | Reached skill level 6 in Bows
  3844 | D:4      | Found an iron altar of Okawaru.
  3847 | D:4      | Noticed Eustachio
  3863 | D:4      | Killed Eustachio
  4010 | D:4      | Killed Duvessa
  4010 | D:4      | Reached XP level 7. HP: 45/45 MP: 8/8
  4011 | D:4      | Noticed Dowan
  4029 | D:4      | Killed Dowan
  4079 | D:4      | Found a sparkling altar of Nemelex Xobeh.
  4155 | D:4      | Noticed Sigmund
  4167 | D:4      | Killed Sigmund
  4167 | D:4      | Reached skill level 7 in Bows
  4233 | D:4      | Found a staircase to the Ecumenical Temple.
  4250 | Temple   | Entered the Ecumenical Temple
  4321 | Temple   | Became a worshipper of Sif Muna the Loreminder
  4423 | D:5      | Entered Level 5 of the Dungeon
  4474 | D:5      | Reached skill level 5 in Short Blades
  4474 | D:5      | Reached skill level 1 in Spellcasting
  5020 | D:5      | Reached XP level 8. HP: 40/50 MP: 11/11
  5519 | D:5      | Found an ancient bone altar of Kikubaaqudgha.
  5519 | D:5      | Noticed a human
  5522 | D:5      | Killed a human
  6045 | D:6      | Reached skill level 8 in Bows
  6734 | D:7      | Found a shattered altar of Ashenzari.
  6759 | D:7      | Found a bloodstained altar of Trog.
  6870 | D:7      | Found an iron altar of Okawaru.
  7154 | D:7      | Reached skill level 9 in Bows
  7159 | D:7      | Gained mutation: You heal slowly when monsters are visible. [mutagenic meat]
  7332 | D:7      | Found a shadowy altar of Dithmenos.
  7454 | D:8      | Noticed George's ghost (experienced MiGl)
  7647 | D:8      | Reached XP level 9. HP: 47/54 MP: 17/17
  7739 | D:8      | Reached skill level 5 in Spellcasting
  8357 | D:8      | Reached skill level 1 in Armour
  8622 | D:8      | Reached skill level 10 in Bows
  8897 | D:8      | Found a staircase to the Lair.
  9502 | D:9      | Found a stormy altar of Qazlal.
  9744 | D:8      | Reached skill level 11 in Bows
 10438 | D:9      | Reached XP level 10. HP: 60/60 MP: 18/18
 10648 | D:9      | Gained mutation: You possess an exceptional clarity of mind. [mutagenic meat]
 10649 | D:9      | Gained mutation: You are partially covered in yellow scales (AC +2). [mutagenic meat]
 10652 | D:9      | Gained mutation: You have sharp toenails. [mutagenic meat]
 11089 | D:10     | Entered Level 10 of the Dungeon
 11254 | Lair:1   | Entered Level 1 of the Lair of Beasts
 11432 | Lair:1   | Reached skill level 10 in Short Blades
 11432 | Lair:1   | Reached skill level 12 in Bows
 12105 | Lair:1   | Noticed a black mamba
 12768 | Lair:2   | Reached skill level 1 in Long Blades
 13053 | Lair:2   | Noticed an elephant
 13057 | Lair:2   | Noticed an elephant
 13059 | Lair:2   | Noticed an elephant
 13064 | Lair:2   | Noticed an elephant
 13376 | Lair:1   | Reached skill level 5 in Stealth
 13376 | Lair:1   | Reached XP level 11. HP: 64/64 MP: 19/19
 13531 | Lair:1   | Killed a black mamba
 14673 | Lair:1   | HP: 1/64 [basilisk (8)]
 14675 | Lair:1   | Slain by a water moccasin

Vault maps used:
D:1:      kilobyte_arrival_exit_the_forest
D:2:      wad_crossroads, first_bread, serial_glass, glass_columns_a,
          glass_columns_a, uniq_jessica, uniq_natasha
D:3:      gammafunk_temple_overflow_wave, lightli_sewer_entry_pipes,
          minmay_cut_off, uniq_iyjb
D:4:      nemelex_deck, temple_statues, okawaru_ov_weapons_minmay, uniq_sigmund,
          uniq_duvessa, uniq_eustachio
D:5:      glass_columns_a, minmay_misc_feat_five, tgw_kikubaaqudgha
D:7:      grunt_temple_overflow_open, nicolae_dithmenos_the_darkroom,
          basic_altar
D:8:      grunt_lair_entry_elf_guard_hut
D:9:      lemuel_coloured_pillars_altar, hangedman_little_slice_of_home
D:10:     kennysheep_small_square
Temple:   temple_eino_lava_12
Lair:2:   beast_lair_carwin_large_4
Sewer:    sewer_sea

Action                   |  1- 3 |  4- 6 |  7- 9 | 10-12 || total
-------------------------+-------+-------+-------+-------++-------
Melee: Short sword       |    10 |    71 |   263 |    10 ||   354
       Dagger            |       |       |       |   127 ||   127
       Long sword        |       |       |       |    65 ||    65
 Fire: Shortbow          |    52 |   200 |   408 |   390 ||  1050
Throw: Tomahawk          |       |       |     2 |       ||     2
Evoke: Wand              |       |       |     1 |       ||     1
  Use: Scroll            |       |     4 |     6 |    10 ||    20
       Potion            |       |       |     1 |     5 ||     6
 Stab: Sleeping          |     1 |       |       |       ||     1
  Eat: Chunk             |     1 |     9 |    19 |    10 ||    39
       Fruit             |       |       |       |     3 ||     3
       Bread ration      |       |       |       |     1 ||     1
